 Dungeon Crawl Stone Soup version 0.25-a0-719-gde951dce62 (webtiles) character file.

Game seed: 14457498980438915854, levelgen mode: deterministic

88 Hastur the Vandal (level 4, 0/27 HPs)
             Began as a Halfling Arcane Marksman on Apr 6, 2020.
             Succumbed to a kobold's poison
             ... on level 2 of the Dungeon.
             The game lasted 00:05:58 (1666 turns).

Hastur the Vandal (Halfling Arcane Marksman)        Turns: 1666, Time: 00:05:58

Health: 0/27       AC:  3    Str: 11    XL:     4   Next: 82%
Magic:  5/5        EV: 14    Int: 12    God:
Gold:   94         SH:  0    Dex: 14    Spells: 4/5 levels left

rFire    + . .     SeeInvis .   a - +0 hunting sling
rCold    + . .     Gourm    .   (shield restricted)
rNeg     . . .     Faith    .   c - +0 leather armour
rPois    +         Spirit   .   (no helmet)
rElec    +         Reflect  .   (no cloak)
rCorr    +         Harm     .   (no gloves)
MR       .....                  (no boots)
Stlth    +.........             (no amulet)
HPRegen  0.09/turn              (no ring)
MPRegen  0.09/turn              (no ring)

@: lethally poisoned (0 -> -3), resistant, berserk cooldown, hasted and slowed
A: small, mutation resistance 1
a: no special abilities


You were on level 2 of the Dungeon.
You were not hungry.

You visited 1 branch of the dungeon, and saw 2 of its levels.

You collected 94 gold pieces.

Inventory:

Hand Weapons
 a - a +0 hunting sling (weapon)
 i - a +0 short sword
Missiles
 d - 19 sling bullets (quivered)
Armour
 c - a +0 leather armour (worn)
 e - a +0 robe
Scrolls
 k - a scroll of enchant armour {unknown}
 m - a scroll of teleportation {unknown}
 p - a scroll of identify {unknown}
Comestibles
 f - 3 rations
 o - a chunk of flesh


   Skills:
 - Level 0.8 Fighting
 + Level 6.7 Slings
 - Level 2.1 Dodging
 - Level 1.0 Spellcasting
 - Level 2.4 Hexes


You had 4 spell levels left.
You knew the following spells:

 Your Spells              Type           Power        Failure   Level  Hunger
a - Corona                Hex            #......      16%         1    ##.....

Your spell library contained the following spells:

 Spells                   Type           Power        Failure   Level  Hunger
 Slow                     Hex            #.......     22%         2    ###....
 Inner Flame              Hex/Fire       #.......     58%         3    ####...
 Portal Projectile        Hex/Tloc       #.....       58%         3    ####...
 Cause Fear               Hex            #.........   83%         4    #####..
 Leda's Liquefaction      Hex/Erth       #.........   94%         4    #####..


Dungeon Overview and Level Annotations

Branches:
Dungeon (2/15)

Altars:
Dithmenos
Elyvilon


Innate Abilities, Weirdness & Mutations

You are small and have problems with some larger weapons.
You are somewhat resistant to further mutation.


Message History

The hobgoblin is heavily wounded.
The hobgoblin barely misses you.
Firing (i - inventory)
d - 20 sling bullets (quivered)
Press: ? - help, Shift-Dir - straight line, f/p - hobgoblin
Aim: a hobgoblin, wielding a +0 club (heavily wounded)
You shoot a sling bullet. The sling bullet hits the hobgoblin!
You kill the hobgoblin!
* * * LOW HITPOINT WARNING * * *
You feel sick.
Unknown command.
Press: ? - help, v - describe, . - travel, g - get item A potion of haste.
The floor.
Things that are here:
a +0 club; 3 sling bullets; a hobgoblin corpse
* * * LOW HITPOINT WARNING * * *
You feel sick.
* * * LOW HITPOINT WARNING * * *
You feel sick.
You die...

# #..........(......... ##
##...........(......
..###.......(.........
..........((.........#
##.##...((...........###.#
#...#.(.>.<.......<.....#
####......).##.[......##...
####................#.##
................@........
.#.#.............#...####
.....................#
.....#..........####..#
.....#..<.....<.# ....
..#.##..........# #....
.##.##..........# #...
....#.....#######
...........#


There were no monsters in sight!

Vanquished Creatures
  A gnoll (D:1)
  3 adders (D:2)
  3 worms (D:2)
  2 leopard geckos
  2 ball pythons (D:1)
  2 giant cockroaches (D:2)
  8 goblins
  6 hobgoblins
  3 bats
  2 frilled lizards
  7 kobolds
  5 rats
44 creatures vanquished.

Notes
Turn   | Place    | Note
-------+----------+-------------------------------------------
     0 | D:1      | Hastur the Halfling Arcane Marksman began the quest for the
                  | Orb.
     0 | D:1      | Reached XP level 1. HP: 12/12 MP: 2/2
   211 | D:1      | Reached XP level 2. HP: 18/18 MP: 3/3
   219 | D:1      | Reached skill level 4 in Slings
   255 | D:1      | Reached XP level 3. HP: 19/22 MP: 4/4
   480 | D:1      | Reached skill level 5 in Slings
  1034 | D:2      | Reached XP level 4. HP: 27/27 MP: 5/5
  1048 | D:2      | Found a shadowy altar of Dithmenos.
  1063 | D:2      | Found a white marble altar of Elyvilon.
  1069 | D:2      | Reached skill level 6 in Slings
  1658 | D:2      | HP: 1/27 [poisoned by a kobold]
  1666 | D:2      | Succumbed to a kobold's poison

Levels and vault maps discovered:
D:1:      lightli_arrival_flooded_house, layout_basic
D:2:      layout_rooms, chequers_temple_overflow_statue_of_worship,
          uniq_crazy_yiuf_cottage

Skill      XL: |  1  2  3  4 |
---------------+-------------+-----
Slings         | 4 5 6 |  6.7
Fighting       | |  0.8
Dodging        | |  2.1
Spellcasting   | |  1.0
Hexes          | |  2.4

Action                   |  1- 3 |  4- 6 || total
-------------------------+-------+-------++-------
 Fire: Hunting sling     |   100 |    79 ||   179
 Cast: Corona            |     2 |     2 ||     4
  Use: Potion            |       |     5 ||     5
  Eat: Chunk             |       |     2 ||     2
Armor: Leather armour    |     4 |     5 ||     9
Dodge: Dodged            |     7 |    28 ||    35

Table legend:
 A = Non-vault XP
 B = Vault XP
 C = Vault XP percentage of total XP
 D = Non-vault monster count
 E = Vault monster count
 F = Vault count percentage of total count
                 A         B        C        D         E       F
            +---------+---------+-------+---------+---------+-------
      Total |     127 |       0 |   0.0 |      44 |       0 |   0.0
            +---------+---------+-------+---------+---------+-------
        D:1 |      45 |       0 |   0.0 |      22 |       0 |   0.0
        D:2 |      82 |       0 |   0.0 |      22 |       0 |   0.0
            +---------+---------+-------+---------+---------+-------
